 Dungeon Crawl Stone Soup version 0.28-a0-1613-gdaab1c2f9b (webtiles) character file.

Game seed: 8734267840970866310

14049 Cheeritup the Spear-Bearer (level 12, -4/88 HPs)
             Began as a Formicid Fighter on Jan 19, 2022.
             Was a Believer of Kikubaaqudgha.
             Succumbed to a cane toad's poison
             ... on level 1 of the Lair of Beasts on Jan 21, 2022.
             The game lasted 00:50:43 (16380 turns).

Cheeritup the Spear-Bearer (Formicid Fighter)      Turns: 16380, Time: 00:50:44

Health: -4/88      AC: 15    Str: 24    XL:     12   Next: 40%
Magic:  26/26      EV: 12    Int:  8    God:    Kikubaaqudgha [**....]
Gold:   569        SH:  6    Dex: 12    Spells: 27/31 levels left

rFire   . . .      SeeInvis +   b - +1 glaive (pain)
rCold   . . .      Faith    .   c - +1 buckler
rNeg    . . .      Spirit   .   i - +0 shadow dragon scales
rPois   .          Reflect  .   (helmet unavailable)
rElec   .          Harm     .   C - +0 cloak
rCorr   .          Rampage  .   r - +0 pair of gloves
Will    +....                   (no boots)
Stlth   ++........              (no amulet)
HPRegen 0.24/turn               j - +4 ring of evasion
MPRegen 0.20/turn               e - ring of wizardry

@: lethally poisoned (-4 -> -26), studying 2 skills
A: permanent stasis, dig shafts and tunnels, antennae 3, four strong arms
a: Dig, Shaft Self, Renounce Religion, Receive Corpses


You were on level 1 of the Lair of Beasts.
You worshipped Kikubaaqudgha.
Kikubaaqudgha was pleased with you.
You visited 3 branches of the dungeon, and saw 13 of its levels.
You also visited: Ossuary and Ice Cave.

You collected 629 gold pieces.
You spent 60 gold pieces at shops.

Inventory:

Hand Weapons
 a - a +1 quarterstaff
 b - a +1 glaive of pain (weapon)
 l - a +0 vorpal hunting sling
Missiles
 m - 4 throwing nets
Armour
 c - a +1 buckler (worn)
 i - +0 shadow dragon scales (worn)
 r - a +0 pair of gloves (worn)
 B - +0 steam dragon scales
 C - a +0 cloak (worn)
 F - a +0 plate armour
Jewellery
 d - a ring of willpower
 e - a ring of wizardry (right hand)
 j - a +4 ring of evasion (left hand)
 v - a ring of willpower
Wands
 n - a wand of polymorph (5)
 q - a wand of acid (21) (quivered)
 t - a wand of iceblast (2)
 u - a wand of flame (5)
 A - a wand of mindburst (22)
 J - a wand of charming (3)
Scrolls
 g - a scroll of silence
 h - a scroll of fog
 w - a scroll of amnesia
 y - 2 scrolls of brand weapon
 I - a scroll of holy word
Potions
 f - a potion of attraction {unknown}
 k - 7 potions of curing
 s - a potion of ambrosia {unknown}
 x - 3 potions of resistance
 z - a potion of lignification
 D - a potion of cancellation {unknown}
 E - a potion of invisibility
 G - a potion of haste {unknown}
 H - 3 potions of brilliance {unknown}


   Skills:
 - Level 6.1 Fighting
 + Level 12.1(12.4) Polearms
 - Level 4.0(8.8) Staves
 - Level 6.1 Armour
 - Level 7.0 Shields
 - Level 10.0 Spellcasting
 - Level 1.0 Hexes
 - Level 6.0 Summonings
 - Level 8.0 Necromancy


You had 27 spell levels left.
You knew the following spells:

 Your Spells              Type           Power      Damage    Failure   Level
a - Animate Dead          Necr           8%         N/A       17%         4

Your spell library contained the following spells:

 Spells                   Type           Power      Damage    Failure   Level
 Animate Skeleton         Necr           32%        N/A       1%          1
 Sublimation of Blood     Necr           16%        N/A       2%          2
 Vampiric Draining        Necr           16%        2d7       6%          3
 Call Canine Familiar     Summ           13%        N/A       12%         3
 Corpse Rot               Necr/Air       20%        N/A       14%         2
 Slow                     Hex            20%        N/A       32%         1
 Shock                    Conj/Air       16%        1d4       43%         1
 Agony                    Necr           16%        N/A       43%         5
 Static Discharge         Conj/Air       4%         N/A       56%         2
 Wereblood                Tmut           4%         N/A       56%         2
 Confusing Touch          Hex            5%         N/A       65%         3
 Portal Projectile        Hex/Tloc       8%         N/A       71%         3
 Ozocubu's Armour         Ice            4%         N/A       78%         3
 Summon Mana Viper        Hex/Summ       9%         N/A       95%         5
 Fulminant Prism          Conj/Hex       2%         3d6       98%         4
 Leda's Liquefaction      Hex/Erth       2%         N/A       98%         4
 Summon Forest            Summ/Tloc      4%         N/A       98%         5
 Airstrike                Air            2%         N/A       99%         4
 Iskenderun's Mystic Bla  Conj/Tloc      4%         2d3       99%         4
 Summon Cactus Giant      Summ           6%         N/A       99%         6
 Lee's Rapid Deconstruct  Erth           2%         3d5*      100%        5
 Lightning Bolt           Conj/Air       2%         1d13      100%        5
 Metabolic Englaciation   Hex/Ice        2%         N/A       100%        5
 Simulacrum               Ice/Necr       5%         N/A       100%        6
 Haunt                    Necr/Summ      7%         N/A       100%        7
 Summon Hydra             Summ           6%         N/A       100%        7
 Infestation              Necr           8%         N/A       100%        8
 Maxwell's Capacitive Co  Air            2%         ∞         100%        8
 Shatter                  Erth           2%         3d6*      100%        9
 Swiftness                Air            Unusable   N/A       N/A         3

Dungeon Overview and Level Annotations

Branches:
Dungeon (11/15)            Temple (1/1) D:7            Lair (1/6) D:10
Ossuary (visited)           IceCv (visited)
    Orc: D:9-12

Altars:
Ashenzari
Cheibriados
Dithmenos
Elyvilon
Fedhas
Gozag
Hepliaklqana
Kikubaaqudgha
Makhleb
Nemelex Xobeh
Okawaru
Qazlal
Ru
Sif Muna
Trog
Uskayaw
Vehumet
Wu Jian
Xom
Yredelemnul
Zin
The Shining One

Shops:
D:4 [   D:6 [   D:7 =*=!=

Annotations:
Lair:1 Gastronok


Innate Abilities, Weirdness & Mutations

You cannot be hasted, slowed, berserked, paralysed or teleported.
You can dig through walls and to a lower floor.
You have a pair of large antennae on your head. (SInv)
Your four strong arms can wield two-handed weapons with a shield.


Message History

The cane toad closely misses you.
You barely miss the cane toad.
The cane toad is heavily wounded.
The cane toad stings you!
You are poisoned.
The cane toad poisons you!
The cane toad stings you but does no damage.
You barely miss the cane toad.
The cane toad is heavily wounded.
You feel very sick. The cane toad barely misses you.
You barely miss the cane toad.
The cane toad is heavily wounded.
You feel very sick. You block the cane toad's attack.
You slash the cane toad!
The cane toad writhes in agony.
The cane toad is almost dead.
You feel very sick. The cane toad stings you!! The cane toad stings you!
You closely miss the cane toad.
The cane toad is almost dead.
You feel sick.
The cane toad stings you but does no damage.
You closely miss the cane toad.
The cane toad is almost dead.
You feel sick. The cane toad stings you.
You are lethally poisoned!
The cane toad poisons you!
You completely miss the cane toad.
The cane toad is almost dead.
* * * LOW HITPOINT WARNING * * *
You feel extremely sick. The cane toad stings you!
* * * LOW HITPOINT WARNING * * *
The cane toad stings you.
* * * LOW HITPOINT WARNING * * *
You closely miss the cane toad.
The cane toad is almost dead.
You die...
Kikubaaqudgha rasps: "You have failed me!
Welcome... death!"

,,,,* ,,,,* .,,,* ...** ...* *##
...# ###########.#
...####....##....##
..........(...##..#
..............##@##
..#...........##F##
.............###b.##
.............#.....#
..†.........##....(#*
.#..........#.......#
.##..#.....##.......#*
.###.......#.........#
..####.....##.......##***********


You could see a cane toad and a fire bat.

Vanquished Creatures
  A boulder beetle (D:8)
  2 two-headed ogres
  A cyclops (D:11)
  2 ugly things
  A manticore (D:11)
  Joseph (D:7)
  Maggie (D:6)
  A cane toad (Lair:1)
  Psyche (D:8)
  A kobold demonologist (D:9)
  2 rime drakes (D:11)
  A merfolk (D:9)
  A polar bear (IceCv)
  Prince Ribbit (D:6)
  A shadow (D:6)
  A basilisk (Lair:1)
  2 fire bats (Lair:1)
  A wraith (D:11)
  11 yaks
  4 steam dragons
  2 water moccasins
  5 orc warriors
  3 ice beasts
  A sky beast (D:7)
  A necrophage (D:5)
  4 wolves
  2 ogres
  A centaur (D:9)
  2 phantoms
  2 elf zombies (Ossuary)
  A kobold brigand (D:10)
  2 gnoll sergeants
  4 bullfrogs
  A scorpion (D:9)
  A water moccasin skeleton (D:5)
  5 killer bees (D:9)
  15 wights
  2 howler monkeys
  A lava snake (D:7)
  4 centaur zombies
  5 orc priests
  3 bullfrog skeletons
  Crazy Yiuf (D:6)
  2 human zombies (Ossuary)
  A gnoll shaman (D:5)
  3 hounds
  3 iguanas
  7 orc wizards
  A statue (D:11)
  2 killer bee zombies
  2 hound skeletons
  2 mummies (Ossuary)
  12 gnolls
  3 adders
  2 shadow imps
  A white imp (D:6)
  An ufetubus (D:6)
  4 adder zombies
  A worm (D:4)
  3 dart slugs
  31 orcs
  9 ball pythons
  11 endoplasms
  3 giant cockroaches
  6 hobgoblins
  6 jackals
  3 quokkas
  5 bats
  4 frilled lizards
  6 goblins
  2 goblin zombies (Ossuary)
  11 hobgoblin zombies (Ossuary)
  8 kobolds
  7 kobold zombies (Ossuary)
  8 orc zombies (Ossuary)
  6 rats
  2 rat zombies (Ossuary)
283 creatures vanquished.

Vanquished Creatures (collateral kills)
  A killer bee (D:9)
1 creature vanquished.

Vanquished Creatures (others)
  A steam dragon (D:8)
  An orc wizard (D:8)
  7 fungi (D:8)
  7 plants (D:5)
16 creatures vanquished.

Grand Total: 300 creatures vanquished

Notes
Turn   | Place    | Note
-------+----------+-------------------------------------------
     0 | D:1      | Cheeritup the Formicid Fighter began the quest for the Orb.
     0 | D:1      | Reached XP level 1. HP: 18/18 MP: 1/1
   251 | D:1      | Reached XP level 2. HP: 23/24 MP: 2/2
   619 | D:1      | Reached XP level 3. HP: 27/28 MP: 3/3
   826 | D:1      | Found a faded altar of an unknown god.
  1378 | D:2      | Reached XP level 4. HP: 37/37 MP: 4/4
  1561 | D:2      | Reached XP level 5. HP: 36/42 MP: 5/5
  2926 | D:4      | Noticed a phantom
  2955 | D:3      | Killed a phantom
  2956 | D:3      | Reached skill level 5 in Shields
  2956 | D:3      | Reached XP level 6. HP: 19/49 MP: 6/6
  3281 | D:4      | Reached XP level 7. HP: 4/55 MP: 7/7
  3734 | D:3      | Reached skill level 5 in Fighting
  3753 | D:4      | Reached skill level 5 in Armour
  3811 | D:4      | Found Huymoil's Antique Armour Shop.
  4199 | D:5      | Entered Level 5 of the Dungeon
  4625 | D:5      | Reached skill level 1 in Polearms
  4885 | D:5      | Reached skill level 2 in Polearms
  5010 | D:5      | Reached XP level 8. HP: 38/63 MP: 8/8
  5105 | D:5      | Reached skill level 3 in Polearms
  5406 | D:6      | Found a sand-covered staircase.
  5410 | Ossuary  | Entered an ossuary
  5698 | Ossuary  | Reached skill level 4 in Polearms
  5827 | D:6      | Noticed a shadow
  5837 | D:6      | Killed a shadow
  5838 | D:6      | Reached skill level 1 in Spellcasting
  5838 | D:6      | Reached skill level 1 in Necromancy
  5838 | D:6      | Reached XP level 9. HP: 42/69 MP: 8/10
  5840 | D:6      | Found Zexehuv's Armour Shoppe.
  6005 | D:6      | Upgraded the game from 0.28-a0-1560-g060a6a1bfc to
                  | 0.28-a0-1613-gdaab1c2f9b
  6034 | D:6      | Noticed Prince Ribbit
  6038 | D:6      | Killed Prince Ribbit
  6163 | D:6      | Reached skill level 5 in Polearms
  6519 | D:6      | Noticed Maggie
  6733 | D:6      | Killed Maggie
  6976 | D:6      | Found a runed translucent door.
  6977 | D:6      | Noticed Crazy Yiuf
  6983 | D:6      | Killed Crazy Yiuf
  7136 | D:6      | Found a radiant altar of Vehumet.
  7171 | D:6      | Reached skill level 6 in Polearms
  7473 | D:7      | Identified 2 scrolls of acquirement
  7473 | D:7      | Acquired a manual of Spellcasting
  7485 | D:7      | Acquired a manual of Summonings
  7490 | D:7      | Found a stormy altar of Qazlal.
  7596 | D:7      | Reached XP level 10. HP: 57/76 MP: 16/16
  7599 | D:7      | Reached skill level 1 in Summonings
  7756 | D:7      | Found Kisypsef's Jewellery Shoppe.
  7937 | D:7      | Reached skill level 5 in Spellcasting
  8017 | D:7      | Found a staircase to the Ecumenical Temple.
  8017 | D:7      | Noticed Joseph
  8027 | D:7      | Killed Joseph
  8077 | D:7      | Reached skill level 5 in Necromancy
  8203 | D:7      | Found Zuoxuhil's Jewellery Emporium.
  8320 | Temple   | Entered the Ecumenical Temple
  8567 | D:7      | Found a hide-covered altar of Uskayaw.
  8738 | D:7      | Found an ancient bone altar of Kikubaaqudgha.
  8743 | D:7      | Became a worshipper of Kikubaaqudgha
  8749 | D:7      | Learned a level 4 spell: Animate Dead
  8848 | D:7      | Found Wymampol's Jewellery Emporium.
  8864 | D:7      | Found Aleoses's Assorted Antiques.
  8877 | D:7      | Reached skill level 5 in Summonings
  9035 | D:7      | Found Gaiwueruu's Distillery.
  9040 | D:7      | Bought a potion of heal wounds for 60 gold pieces
  9644 | D:8      | Found a hazy altar of Hepliaklqana.
  9756 | D:8      | Noticed a boulder beetle
  9798 | D:8      | Killed a boulder beetle
  9799 | D:8      | Reached skill level 7 in Polearms
  9799 | D:8      | Reached skill level 1 in Hexes
 10393 | D:8      | Found a basalt altar of Yredelemnul.
 10429 | D:8      | Noticed Psyche
 10446 | D:8      | Killed Psyche
 10564 | D:8      | Reached XP level 11. HP: 53/81 MP: 23/23
 11304 | D:9      | Reached * piety under Kikubaaqudgha
 11304 | D:9      | Received a gift from Kikubaaqudgha
 11378 | D:9      | Reached skill level 8 in Polearms
 11466 | D:9      | Found a shimmering blue altar of Sif Muna.
 11654 | D:9      | Noticed a two-headed ogre
 11696 | D:9      | a two-headed ogre changed into a merfolk
 11916 | D:9      | Found a broken altar of Ashenzari.
 11960 | D:9      | Reached skill level 10 in Spellcasting
 12861 | D:9      | Noticed a white ugly thing
 12891 | D:8      | Killed a white ugly thing
 13171 | D:10     | Entered Level 10 of the Dungeon
 13230 | D:10     | Noticed a two-headed ogre
 13236 | D:10     | Killed a two-headed ogre
 13237 | D:10     | Reached skill level 9 in Polearms
 13503 | D:10     | Found a glowing silver altar of Zin.
 13506 | D:10     | Found a staircase to the Lair.
 14035 | D:10     | Found a burning altar of Makhleb.
 14586 | D:11     | Noticed a two-headed ogre
 14589 | D:11     | Noticed a white ugly thing
 14593 | D:11     | Killed a two-headed ogre
 14600 | D:11     | Killed a white ugly thing
 14611 | D:11     | Reached skill level 10 in Polearms
 14724 | D:11     | Found a gate leading to a gauntlet.
 14746 | D:11     | Found a frozen archway.
 14757 | D:11     | Reached XP level 12. HP: 25/88 MP: 26/26
 14758 | D:11     | Got the Collected Works on the Rocks
 14761 | IceCv    | Entered an ice cave
 15355 | D:11     | Found a radiant altar of Vehumet.
 15534 | D:11     | Reached skill level 11 in Polearms
 15768 | D:11     | Reached ** piety under Kikubaaqudgha
 15962 | Lair:1   | Entered Level 1 of the Lair of Beasts
 16297 | Lair:1   | Noticed Gastronok
 16358 | Lair:1   | Reached skill level 12 in Polearms
 16379 | Lair:1   | HP: 2/88 [cane toad (5)]
 16380 | Lair:1   | Succumbed to a cane toad's poison

Illustrated notes

Levels and vault maps discovered:
D:1:      sevenhm_arrival_forest_fort_large_4, layout_basic,
          chequers_ecumenical_altar_simple
D:2:      layout_loops_ring, minmay_misc_feat_columns, roderic_serpentine_path
D:3:      layout_loops_ring
D:4:      layout_rooms, serial_shops, nicolae_shop_hallway_plus
D:5:      layout_loops_ring, nicolae_grassy_gnolls
D:6:      layout_basic, mainiacjoe_overflow_tiny_flanked, serial_shops,
          kennysheep_mini_moat, enter_ossuary_3, uniq_crazy_yiuf_cottage,
          uniq_prince_ribbit1, uniq_maggie
D:7:      layout_basic, nicolae_uskayaw_suspiria, grunt_qazlal_sundering,
          marbit_many_paths, minmay_temple_entry_purple_smoke, serial_shops,
          nicolae_shop_behind_doors, shop, nicolae_square_shop,
          nicolae_shop_hallway_stairs, kennysheep_little_box, uniq_joseph
D:8:      kennysheep_steamy, layout_basic, mainiacjoe_overflow_24_doors,
          mainiacjoe_overflow_cross_hatched, uniq_psyche
D:9:      layout_roguey, mainiacjoe_overflow_surrounded_room, old_standard_altar
D:10:     layout_gridville, mainiacjoe_overflow_brackets, kennysheep_mini,
          lair_entry_dummy
D:11:     layout_long_grid, gauntlet_entry_generic, portal_ice_cave_rime,
          vehumet_statue
Temple:   minmay_temple_bridge_abc
Lair:1:   layout_hall_layers, nicolae_volcano_entry_batcave, grunt_megastairs_2,
          uniq_gastronok

Skill      XL: |  1  2  3  4  5  6  7  8  9 10 11 12 |
---------------+-------------------------------------+-----
Shields        | 4 5 6 7 |  7.0
Fighting       | 4 5 6 |  6.1
Armour         | 4 5 6 |  6.1
Staves         | 3 4 |  4.0
Polearms       | 2 4 6 7 10 12 | 12.1
Spellcasting   | 1 4 8 10 | 10.0
Necromancy     | 1 4 6 8 |  8.0
Summonings     | 6 |  6.0
Hexes          | 1 |  1.0

Action                   |  1- 3 |  4- 6 |  7- 9 | 10-12 || total
-------------------------+-------+-------+-------+-------++-------
Melee: Quarterstaff      |    96 |   140 |    32 |       ||   268
       Glaive            |       |       |   264 |   499 ||   763
Throw: Throwing net      |       |       |       |     3 ||     3
 Cast: Animate Dead      |       |       |       |     7 ||     7
Invok: Receive Corpses   |       |       |       |     2 ||     2
 Abil: Dig               |     1 |     1 |       |     1 ||     3
Evoke: Wand              |       |       |     5 |    20 ||    25
  Use: Scroll            |       |     5 |    12 |     5 ||    22
       Potion            |       |       |       |     7 ||     7
 Stab: Distracted        |       |       |       |     4 ||     4
       Sleeping          |       |       |       |     2 ||     2
Armor: Scale mail        |    44 |    43 |     1 |       ||    88
       Chain mail        |       |       |    94 |    22 ||   116
       Shadow dragon sca |       |       |       |   227 ||   227
Dodge: Dodged            |    49 |    88 |   148 |   344 ||   629
Block: Buckler           |    23 |    55 |    85 |   214 ||   377

Table legend: (Time is in decaauts)
 A = Elapsed time spent in this place.
 B = Non-inter-level travel time spent in this place.
 C = Inter-level travel time spent in this place.
 D = Time resting spent in this place.
 E = Time spent auto-exploring this place.
 F = Levels seen in this place.
 G = Mean time per level.
                   A        B        C        D        E       F      G
               +--------+--------+--------+--------+--------+-----+--------+
         Total |  16715 |  16215 |    500 |   4627 |   7751 |  15 | 1114.3 |
       Dungeon |  15565 |  15070 |    495 |   4300 |   7513 |  11 | 1415.0 |
        Temple |    205 |    205 |      0 |      0 |    167 |   1 |  205.0 |
          Lair |    135 |    130 |      5 |      7 |      0 |   1 |  135.0 |
       Ossuary |    435 |    435 |      0 |      0 |     71 |   1 |  435.0 |
      Ice Cave |    372 |    372 |      0 |    320 |      0 |   1 |  372.0 |
               +--------+--------+--------+--------+--------+-----+--------+

Top non-repeatable levels by time:
     D:9: 1920 daAuts
     D:8: 1910 daAuts
     D:7: 1776 daAuts
    D:10: 1728 daAuts
     D:6: 1708 daAuts
     D:3: 1602 daAuts
     D:5: 1134 daAuts
     D:1: 1026 daAuts
    D:11: 1009 daAuts
     D:4: 924 daAuts
     D:2: 824 daAuts
 Ossuary: 435 daAuts
   IceCv: 372 daAuts
  Temple: 205 daAuts
  Lair:1: 135 daAuts
